 Dungeon Crawl Stone Soup version 0.29.1-1-gd02db6906a (webtiles) character file.

Game seed: 2465254023582850033

201 gzilladon the Chopper (level 5, -1/46 HPs)
             Began as a Hill Orc Monk on Sept 26, 2022.
             Slain by a gnoll sergeant
             ... wielding a +2 trident of flaming
              (10 damage)
             ... on level 5 of the Dungeon.
             The game lasted 00:12:12 (3468 turns).

gzilladon the Chopper (Hill Orc Monk)               Turns: 3468, Time: 00:12:12

Health: -1/46      AC:  6    Str: 16    XL:     5   Next: 79%
Magic:  5/5        EV: 10    Int: 10    God:
Gold:   165        SH:  0    Dex: 19    Spells: 4/4 levels left

rFire   . . .      SeeInvis .   y - +5 hand axe (flame)
rCold   . . .      Faith    .   (no shield)
rNeg    . . .      Spirit   .   v - +0 scale mail
rPois   .          Reflect  .   (no helmet)
rElec   .          Harm     .   (no cloak)
rCorr   .          Rampage  .   (no gloves)
Will    .....                   (no boots)
Stlth   +.........              (no amulet)
HPRegen 0.15/turn               q - +6 ring of dexterity
MPRegen 0.09/turn               (no ring)

@: no status effects
A: no striking features
a: no special abilities


You were on level 5 of the Dungeon.
You visited 1 branch of the dungeon, and saw 5 of its levels.

You collected 165 gold pieces.

Inventory:

Hand Weapons
 a - a +0 hand axe
 y - a +5 hand axe of flaming (weapon)
Missiles
 f - 55 stones (quivered)
 s - 6 datura-tipped darts
 t - 5 curare-tipped darts
Armour
 b - a +0 robe
 g - a +0 ring mail
 v - a +0 scale mail (worn)
Jewellery
 q - a +6 ring of dexterity (left hand)
 x - a ring of wizardry
Scrolls
 d - 3 scrolls of enchant weapon {unknown}
 e - a scroll of teleportation {unknown}
 h - a scroll of torment {unknown}
 j - a scroll of magic mapping {unknown}
 k - a scroll of noise {unknown}
 l - a scroll of fog {unknown}
 n - a scroll of enchant armour {unknown}
 o - 5 scrolls of identify {unknown}
 u - a scroll of vulnerability {unknown}
Potions
 c - 4 potions of ambrosia
 i - a potion of attraction {unknown}
 m - 2 potions of degeneration {unknown}
 p - 2 potions of flight {unknown}
 r - a potion of curing {unknown}
 w - a potion of mutation {unknown}
 z - a potion of lignification {unknown}


   Skills:
 + Level 4.2 Fighting
 * Level 6.5 Axes
 * Level 2.8 Armour
 + Level 2.8 Dodging
 + Level 1.6 Stealth


You had 4 spell levels left.
You didn't know any spells.
Your spell library contained the following spells:

 Spells                   Type           Power      Damage    Failure   Level
 Apportation              Tloc           0%         N/A       80%         1
 Necrotise                Necr           0%         1d4       80%         1
 Summon Small Mammal      Summ           0%         N/A       80%         1
 Ensorcelled Hibernation  Hex/Ice        0%         N/A       90%         2
 Passwall                 Tmut/Erth      0%         N/A       90%         2
 Call Canine Familiar     Summ           0%         N/A       99%         3
 Inner Flame              Hex/Fire       0%         N/A       99%         3
 Ozocubu's Armour         Ice            0%         N/A       99%         3
 Portal Projectile        Hex/Tloc       0%         N/A       99%         3
 Swiftness                Air            0%         N/A       99%         3
 Cause Fear               Hex            0%         N/A       100%        4
 Leda's Liquefaction      Hex/Erth       0%         N/A       100%        4
 Alistair's Intoxication  Tmut/Pois      0%         N/A       100%        5
 Ozocubu's Refrigeration  Ice            0%         4d7       100%        7
 Discord                  Hex            0%         N/A       100%        8


Dungeon Overview and Level Annotations

Branches:
Dungeon (5/15)
 Temple: D:4-7

Altars:
Vehumet

Annotations:
D:2 Terence


Message History

Found 4 stones.
o - 5 scrolls labelled RIEHISCH GUASEU (gained 1)
f - 55 stones (gained 4) 2 gnolls come into view.
The gnoll shouts! x2; You hear a bark!
A gnoll sergeant, a gnoll and a hound come into view.
The gnoll sergeant is wielding a +2 trident of flaming.
Found a stone staircase leading down.
The gnoll sergeant shouts!
The gnoll shouts!
The hound barks!
The hound stops to sniff the ground.
The hound closely misses you.
You hit the hound. You burn the hound.
The hound is lightly wounded.
The hound bites you but does no damage. x2
You slash the hound! You burn the hound.
The hound is severely wounded.
The hound bites you.
You hit the hound. You burn the hound.
You kill the hound!
You barely miss the gnoll. The gnoll barely misses you.
The gnoll sergeant hits you from afar with a +2 trident of flaming!
The gnoll sergeant burns you.
You see here a hound corpse.
The gnoll hits you from afar with a +0 spear.
The gnoll sergeant hits you with a +2 trident of flaming.
The gnoll sergeant burns you.
You hit the gnoll sergeant. You burn the gnoll sergeant.
The gnoll sergeant is lightly wounded.
You hit the gnoll. You burn the gnoll. The gnoll barely misses you.
The gnoll hits you with a +0 flail. The gnoll sergeant barely misses you.
The gnoll sergeant blocks your attack.
The gnoll sergeant is lightly wounded.
You hit the gnoll. You burn the gnoll. The gnoll hits you with a +0 flail!
* * * LOW HITPOINT WARNING * * *
The gnoll hits you from afar with a +0 spear.
* * * LOW HITPOINT WARNING * * *
The gnoll barely misses you.
The gnoll sergeant hits you with a +2 trident of flaming!
You die...

#.# ##.########## #
######..)........#
.#######...##)).........#
......#...##...........#
#.....................#
#.
#.........#.....#######
##...##........##.....#
......g......gg@g.....#
.....g####.#.g.##.....#
...g> #...#...##.....#
.... #.###...#####.###
... ##.....#.........# ..
+..#####.#####.#.# . ##.#
#.. ...#.# #.#
#########.# #.# #.......#


You could see a gnoll sergeant and 3 gnolls.

Vanquished Creatures
  2 hounds
  An orc wizard (D:5)
  3 adders
  A dart slug (D:4)
  8 orcs
  11 endoplasms
  A giant cockroach (D:1)
  9 goblins
  5 hobgoblins
  6 jackals
  3 kobolds
  5 quokkas
  4 ball pythons
  6 bats
  5 frilled lizards (D:1)
  A rat (D:1)
71 creatures vanquished.

Notes
Turn   | Place    | Note
-------+----------+-------------------------------------------
     0 | D:1      | gzilladon the Hill Orc Monk began the quest for the Orb.
     0 | D:1      | Reached XP level 1. HP: 19/19 MP: 1/1
   118 | D:1      | Reached XP level 2. HP: 16/27 MP: 2/2
   567 | D:1      | Found a faded altar of an unknown god.
   980 | D:1      | Reached XP level 3. HP: 24/33 MP: 3/3
  1150 | D:1      | Reached skill level 5 in Axes
  1506 | D:2      | Noticed Terence
  1837 | D:2      | Reached skill level 1 in Armour
  2061 | D:3      | Reached XP level 4. HP: 40/40 MP: 4/4
  2102 | D:3      | Found a radiant altar of Vehumet.
  2715 | D:4      | Noticed a scorpion
  2941 | D:5      | Entered Level 5 of the Dungeon
  3189 | D:4      | Reached skill level 6 in Axes
  3189 | D:4      | Reached XP level 5. HP: 33/46 MP: 5/5
  3290 | D:4      | Noticed a phantom
  3468 | D:5      | Slain by a gnoll sergeant

Illustrated notes

Levels and vault maps discovered:
D:1:      eino_arrival_cavern_a, layout_basic, basic_ecumenical_altar,
          st_stairs_12
D:2:      layout_basic, uniq_jessica, uniq_terence, uniq_crazy_yiuf_cottage
D:3:      layout_rooms, amcnicky_altar_gilded, patterned_corridor
D:4:      layout_cave_pools, mainiacjoe_overflow_six_doors_small,
          zin_scriptorium, riverfiend_overflow_shadow_ancestor, serial_shops,
          kennysheep_little_box, portal_sewer_entry_e, minmay_misc_feat_rows
D:5:      layout_basic, minmay_crystal_water, uniq_edmund

Skill      XL: |  1  2  3  4 |
---------------+-------------+-----
Fighting       | 4 |  4.2
Axes           | 5 6 |  6.5
Armour         | 1 2 |  2.8
Dodging        | |  2.8
Stealth        | |  1.6

Action                   |  1- 3 |  4- 6 || total
-------------------------+-------+-------++-------
Melee: Hand axe          |   130 |    84 ||   214
       Punch             |     2 |     1 ||     3
 Stab: Sleeping          |     1 |       ||     1
Armor: Robe              |     3 |       ||     3
       Ring mail         |    43 |    18 ||    61
       Scale mail        |       |    18 ||    18
Dodge: Dodged            |    89 |    44 ||   133
